 Dungeon Crawl Stone Soup version 0.30-a0-174-gbc10bd73c2 (webtiles) character file.

Game seed: 11156780192069284359

2916 qw the Cleaver (level 9, 0/56 HPs)
             Began as a Gargoyle Fighter on Oct 1, 2022.
             Was a Believer of Okawaru.
             Slain by an orange demon (3 damage)
             ... led by Amaemon
             ... on level 8 of the Dungeon.
             The game lasted 00:02:32 (7405 turns).

qw the Cleaver (Gargoyle Fighter)                   Turns: 7405, Time: 00:02:32

Health: 0/56       AC: 24    Str: 24    XL:     9   Next: 78%
Magic:  12/12      EV:  8    Int:  9    God:    Okawaru [**....]
Gold:   144        SH:  5    Dex:  9    Spells: 8/8 levels left

rFire   + . .      SeeInvis +    Y - +1 war axe
rCold   + . .      Faith    .    c - +0 buckler
rNeg    + . .      Spirit   .    m - +0 plate armour
rPois   inf        Reflect  .    l - +0 helmet
rElec   +          Harm     .    (no cloak)
rCorr   .          Rampage  .    q - +0 pair of gloves
Will    .....                    (no boots)
Stlth   ..........               r - amulet of the acrobat
HPRegen 0.29/turn                e - ring of see invisible
MPRegen 0.13/turn                f - ring of protection from fire

@: heroic, weakened
A: sickness immunity, AC +6, negative energy resistance 1, electricity
resistance, torment resistance 1, petrification resistance, cold resistance 1,
sense surroundings 1, MP-powered wands
a: Renounce Religion, Heroism


You were on level 8 of the Dungeon.
You worshipped Okawaru.
Okawaru was pleased with you.
You visited 2 branches of the dungeon, and saw 9 of its levels.

You collected 504 gold pieces.
You spent 360 gold pieces at shops.


Innate Abilities, Weirdness & Mutations

You are immune to sickness and miasma.
Your stone body is resilient. (AC +6)
You are immune to poison.
You resist negative energy. (rN+)
You are resistant to electric shocks. (rElec)
You are resistant to unholy torment.
You are immune to petrification.
Your flesh is cold resistant. (rC+)
You passively map a small area around you.
You expend magic power (3 MP) to strengthen your wands.


   Skills:
 + Level 6.4(11.4) Fighting
 - Level 9.0(14.0) Axes
 - Level 1.4(6.4) Throwing
 - Level 6.7(11.7) Armour
 - Level 1.4(6.4) Dodging
 - Level 4.0(9.0) Shields
 - Level 4.0 Invocations


You had 8 spell levels left.
You didn't know any spells.
Your spell library was empty.

Inventory:

Hand Weapons
 w - a +0 morningstar
 Y - a +1 war axe (weapon)
Missiles
 p - 2 boomerangs (quivered)
Armour
 c - a +0 buckler (worn)
 l - a +0 helmet (worn)
 m - a +0 plate armour (worn)
 q - a +0 pair of gloves (worn)
 t - the +2 leather armour of Subjectivity {Rampage rCorr}
   (You found it on level 7 of the Dungeon)

   rCorr:     It protects you from acid and corrosion.
   Rampage:   It bestows one free step when moving towards enemies.
Jewellery
 e - a ring of see invisible (left hand)
 f - a ring of protection from fire (right hand)
 r - an amulet of the acrobat (around neck)
Scrolls
 g - a scroll of identify
Potions
 b - a potion of lignification
 d - 2 potions of might
 h - 3 potions of attraction
 i - 2 potions of curing
 j - a potion of haste
 k - 2 potions of mutation
 n - a potion of invisibility {unknown}
 o - a potion of magic
 x - a potion of flight {unknown}

Dungeon Overview and Level Annotations

Branches:
Dungeon (8/15)             Temple (1/1) D:6
   Lair: D:8-11

Altars:
Ashenzari
Cheibriados
Elyvilon
Gozag
Hepliaklqana
Kikubaaqudgha
Okawaru
Qazlal
Ru
Sif Muna
Trog
Vehumet
Wu Jian
Xom
Zin
The Shining One

Shops:
D:5 (   D:7 *([

Annotations:
D:7 1 runed translucent door, qw's ghost, novice GrFi


Message History

You feel your attacks grow feeble.
You barely miss the orange demon.
The orange demon stings you but does no damage.
The orange demon hits you but does no damage.
You slash the orange demon!
The orange demon is moderately wounded.
The orange demon stings you.
The orange demon hits you but does no damage.
You closely miss the orange demon.
The orange demon is moderately wounded.
The orange demon stings you but does no damage.
You block the orange demon's attack.
You slash the orange demon!
The orange demon is moderately wounded.
You slash the orange demon!
The orange demon is heavily wounded.
The orange demon stings you but does no damage.
You block the orange demon's attack.
You closely miss the orange demon.
The orange demon is heavily wounded.
You block the orange demon's attack.
The orange demon hits you but does no damage.
You hit the orange demon.
The orange demon is severely wounded.
The orange demon stings you but does no damage.
The orange demon hits you.
You hit the orange demon.
The orange demon is severely wounded.
The orange demon stings you but does no damage.
The orange demon closely misses you.
You closely miss the orange demon.
The orange demon is severely wounded.
You block the orange demon's attack.
The orange demon hits you but does no damage.
You hit the orange demon.
The orange demon is almost dead.
You slash the orange demon!
The orange demon is almost dead.
The orange demon stings you.
You die...

, * #.# ..# #.# *
, * #.#. #.# * * *
* ,#.#. #.# #
#.#.#.###.# .####*
.........###......
* #.#......@4...#
* #.###....##.#.#
* * *
#<###.#.#.#,#
#.......##.. * *
,* #####.........,
, * * *
#..#.##.###* , , *
* #...## .# * ,
,,...## * # * *
###.# *


You could see an orange demon.

Vanquished Creatures
  Amaemon (D:8)
  Menkaure (D:5)
  A steam dragon (D:7)
  A water moccasin (D:7)
  An orc warrior (D:7)
  A black bear (D:7)
  3 centaurs
  4 bullfrogs
  A necrophage (D:6)
  4 scorpions
  5 killer bees (D:7)
  2 howler monkeys
  3 orc priests (D:7)
  2 hounds (D:5)
  A gnoll bouda (D:4)
  8 iguanas
  An iron imp (D:5)
  Terence (D:3)
  Ijyb (D:3)
  3 orc wizards
  7 gnolls
  3 adders
  2 shadow imps
  An ufetubus (D:5)
  A worm (D:2)
  A dart slug (D:3)
  29 orcs
  3 bats
  2 endoplasms
  4 giant cockroaches
  5 goblins
  5 hobgoblins
  8 jackals (D:1)
  3 quokkas
  3 ball pythons
  7 frilled lizards
  5 kobolds
  3 rats
137 creatures vanquished.

Notes
Turn   | Place    | Note
-------+----------+-------------------------------------------
     0 | D:1      | qw the Gargoyle Fighter began the quest for the Orb.
     0 | D:1      | Reached XP level 1. HP: 14/14 MP: 1/1
     0 | D:1      | 0 ||| qw: Version: 0.2-a-13-gfc7b4b4
     0 | D:1      | 0 ||| qw: Game counter: 1862
     0 | D:1      | 0 ||| qw: Always use a shield: true
     0 | D:1      | 0 ||| qw: God list: Okawaru
     0 | D:1      | 0 ||| qw: Allow faded altars: false
     0 | D:1      | 0 ||| qw: Do Orc after D:15 true
     0 | D:1      | 0 ||| qw: Do second Lair branch before Depths: true
     0 | D:1      | 0 ||| qw: Lair rune preference: random
     0 | D:1      | 0 ||| qw: Plans: Normal, Zot:1-4, God:TSO, Crypt, Tomb,
                  | Pan, Slime:5, Hells, Abyss, Orb
     0 | D:1      | 0 ||| PLANNING D:1-11
    34 | D:1      | Reached skill level 2 in Axes
   128 | D:1      | Reached XP level 2. HP: 19/19 MP: 2/2
   140 | D:1      | 140 ||| Stepping ~*~*~tactically~*~*~ (stealth).
   400 | D:1      | 400 ||| Stepping ~*~*~tactically~*~*~ (stealth).
   401 | D:1      | 401 ||| Stepping ~*~*~tactically~*~*~ (stealth).
   409 | D:1      | Reached skill level 3 in Axes
   416 | D:1      | Reached XP level 3. HP: 20/23 MP: 3/3
   775 | D:1      | 775 ||| UPGRADING to +0 helmet.
   780 | D:1      | 780 ||| UPGRADING to ring of see invisible.
   781 | D:1      | 781 ||| UPGRADING to ring of protection from fire.
   782 | D:1      | 782 ||| READING scroll labelled HASTRU TYUFAM.
   783 | D:1      | 783 ||| READING scroll labelled MINUIT PEVIFUM.
   786 | D:1      | 786 ||| READING scroll labelled FONAVE VINNAKAU.
   787 | D:1      | 787 ||| DRINKING 3 fuming black potions.
   887 | D:2      | 887 ||| Stepping ~*~*~tactically~*~*~ (hiding).
  1159 | D:2      | 1159 ||| Stepping ~*~*~tactically~*~*~ (stealth).
  1289 | D:2      | 1289 ||| Stepping ~*~*~tactically~*~*~ (hiding).
  1528 | D:2      | 1528 ||| Stepping ~*~*~tactically~*~*~ (stealth).
  1693 | D:2      | Found a faded altar of an unknown god.
  1893 | D:2      | 1893 ||| DRINKING 2 fizzy inky potions.
  1893 | D:2      | Gained mutation: Your flesh is cold resistant. (rC+)
                  | [potion of mutation]
  1893 | D:2      | Gained mutation: You have hidden genetic potential. [potion
                  | of mutation]
  1943 | D:3      | 1943 ||| Stepping ~*~*~tactically~*~*~ (stealth).
  1944 | D:3      | 1944 ||| Stepping ~*~*~tactically~*~*~ (stealth).
  1947 | D:3      | 1947 ||| Stepping ~*~*~tactically~*~*~ (stealth).
  1948 | D:3      | 1948 ||| Stepping ~*~*~tactically~*~*~ (stealth).
  1949 | D:3      | 1949 ||| Stepping ~*~*~tactically~*~*~ (stealth).
  1952 | D:3      | 1952 ||| Stepping ~*~*~tactically~*~*~ (stealth).
  1960 | D:3      | Reached XP level 4. HP: 28/28 MP: 4/4
  2025 | D:3      | 2025 ||| DROPPING +0 club.
  2067 | D:3      | Found a shimmering altar of Xom.
  2110 | D:3      | Noticed Terence
  2112 | D:3      | 2112 ||| Stepping ~*~*~tactically~*~*~ (stealth).
  2118 | D:3      | Killed Terence
  2119 | D:3      | Reached skill level 4 in Axes
  2119 | D:3      | Noticed Ijyb
  2120 | D:3      | 2120 ||| Stepping ~*~*~tactically~*~*~ (hiding).
  2121 | D:3      | 2121 ||| Stepping ~*~*~tactically~*~*~ (hiding).
  2125 | D:3      | Gained mutation: You passively map a small area around you.
                  | [hidden potential]
  2136 | D:3      | Killed Ijyb
  2137 | D:3      | Reached XP level 5. HP: 28/32 MP: 5/5
  2193 | D:3      | 2193 ||| Stepping ~*~*~tactically~*~*~ (stealth).
  2204 | D:3      | 2204 ||| Stepping ~*~*~tactically~*~*~ (stealth).
  2211 | D:3      | 2211 ||| Stepping ~*~*~tactically~*~*~ (hiding).
  2228 | D:3      | Gained mutation: You expend magic power (3 MP) to
                  | strengthen your wands. [hidden potential]
  2228 | D:3      | Lost mutation: You have hidden genetic potential. [hidden
                  | potential expressed]
  2232 | D:3      | Reached skill level 5 in Axes
  2294 | D:3      | 2294 ||| Stepping ~*~*~tactically~*~*~ (hiding).
  2415 | D:3      | 2415 ||| Stepping ~*~*~tactically~*~*~ (stealth).
  2723 | D:3      | 2723 ||| Stepping ~*~*~tactically~*~*~ (hiding).
  2725 | D:3      | 2725 ||| Stepping ~*~*~tactically~*~*~ (hiding).
  2969 | D:3      | 2969 ||| DROPPING +2 leather armour of fire resistance.
  2970 | D:3      | 2970 ||| UPGRADING to +0 pair of gloves.
  2975 | D:3      | 2975 ||| UPGRADING to +0 chain mail.
  2985 | D:3      | 2985 ||| DROPPING +0 scale mail.
  2986 | D:3      | 2986 ||| DROPPING ring of wizardry.
  2987 | D:3      | 2987 ||| READING 2 scrolls labelled DEEGOR WYPE.
  2988 | D:3      | 2988 ||| READING scroll labelled ZASIRA MOCLARPH.
  2989 | D:3      | 2989 ||| READING scroll labelled OMOG WEUVVAEL.
  2990 | D:3      | 2990 ||| READING scroll labelled OGEMIT EFERPHA.
  2991 | D:3      | 2991 ||| DRINKING 2 sedimented brown potions.
  2996 | D:4      | 2996 ||| STAIRDANCE
  3066 | D:4      | Reached XP level 6. HP: 32/38 MP: 6/6
  3066 | D:4      | 3066 ||| Stepping ~*~*~tactically~*~*~ (stealth).
  3088 | D:4      | HP: 5/38 [gnoll/+0 flail[a gnoll bouda] (6)]
  3089 | D:4      | 3089 ||| READING 3 scrolls of teleportation.
  3090 | D:4      | 3090 ||| DRINKING potion of heal wounds.
  3097 | D:4      | 3097 ||| FLEEEEING.
  3098 | D:4      | 3098 ||| FLEEEEING.
  3099 | D:4      | 3099 ||| FLEEEEING.
  3100 | D:4      | 3100 ||| FLEEEEING.
  3101 | D:4      | 3101 ||| STAIRDANCE
  3157 | D:3      | 3157 ||| READING scroll labelled SYALOHE UV IPU.
  3260 | D:4      | 3260 ||| STAIRDANCE
  3534 | D:4      | Reached skill level 6 in Axes
  3616 | D:4      | 3616 ||| Stepping ~*~*~tactically~*~*~ (stealth).
  3696 | D:4      | 3696 ||| READING scroll labelled DASMAWOAHO.
  3697 | D:4      | 3697 ||| READING 2 scrolls labelled DATUFU ZOEDWO.
  3698 | D:4      | 3698 ||| READING 2 scrolls of identify.
  3698 | D:4      | 3698 ||| IDENTIFYING sapphire potion
  3699 | D:4      | 3699 ||| DROPPING scroll of vulnerability.
  3724 | D:5      | Entered Level 5 of the Dungeon
  3746 | D:5      | Found a glowing golden altar of the Shining One.
  3781 | D:5      | Reached skill level 1 in Dodging
  3866 | D:5      | Reached XP level 7. HP: 43/43 MP: 7/7
  3900 | D:5      | Found a shimmering blue altar of Sif Muna.
  3982 | D:5      | Noticed Menkaure
  3992 | D:5      | Killed Menkaure
  3993 | D:5      | Reached skill level 7 in Axes
  4200 | D:5      | Found a stormy altar of Qazlal.
  4258 | D:5      | Found a snail-covered altar of Cheibriados.
  4281 | D:5      | 4281 ||| Stepping ~*~*~tactically~*~*~ (stealth).
  4286 | D:5      | 4286 ||| Stepping ~*~*~tactically~*~*~ (stealth).
  4287 | D:5      | 4287 ||| Stepping ~*~*~tactically~*~*~ (stealth).
  4392 | D:5      | Found Zaunoiv's Weapon Emporium.
  4427 | D:5      | 4427 ||| READING 2 scrolls labelled DOBBUERARU.
  4428 | D:5      | 4428 ||| READING 2 scrolls of identify.
  4428 | D:5      | 4428 ||| IDENTIFYING dark potion
  4429 | D:5      | 4429 ||| DROPPING scroll of immolation.
  4451 | D:6      | 4451 ||| STAIRDANCE
  4454 | D:5      | Reached XP level 8. HP: 47/49 MP: 8/8
  4464 | D:6      | Reached skill level 1 in Throwing
  4469 | D:6      | 4469 ||| FLEEEEING.
  4470 | D:6      | 4470 ||| STAIRDANCE
  4520 | D:6      | 4520 ||| STAIRDANCE
  4537 | D:6      | 4537 ||| STAIRDANCE
  4688 | D:6      | Found a staircase to the Ecumenical Temple.
  4689 | D:6      | 4689 ||| PLANNING TEMPLE
  4689 | D:6      | 4689 ||| READING scroll labelled ALUWKIPSAC.
  4698 | Temple   | Entered the Ecumenical Temple
  4735 | Temple   | 4735 ||| PLANNING OKAWARU WORSHIP
  4893 | Temple   | Became a worshipper of Warmaster Okawaru
  4894 | Temple   | 4894 ||| PLANNING D:1-11
  4949 | D:6      | 4949 ||| Stepping ~*~*~tactically~*~*~ (stealth).
  5020 | D:6      | HP: 6/49 [iguana (9)]
  5021 | D:6      | 5021 ||| READING 2 scrolls of teleportation.
  5022 | D:6      | HP: 2/49 [iguana (4)]
  5451 | D:6      | 5451 ||| Stepping ~*~*~tactically~*~*~ (stealth).
  5452 | D:6      | 5452 ||| Stepping ~*~*~tactically~*~*~ (stealth).
  5456 | D:6      | Reached skill level 8 in Axes
  5834 | D:7      | Found Coug's Weapon Shoppe.
  6065 | D:7      | 6065 ||| Stepping ~*~*~tactically~*~*~ (hiding).
  6185 | D:7      | Found a runed translucent door.
  6185 | D:7      | Noticed qw's ghost (novice GrFi)
  6190 | D:7      | Found Sojeicor's General Store.
  6197 | D:7      | 6197 ||| BUYING amulet of the acrobat (360 gold).
  6197 | D:7      | Bought an amulet of the acrobat for 360 gold pieces
  6197 | D:7      | 6197 ||| SHOPLISTING wand of digging (4) (201 gold, have
                  | 92).
  6216 | D:7      | Identified the +2 leather armour of Subjectivity {Rampage
                  | rCorr}
  6256 | D:7      | Reached skill level 6 in Fighting
  6267 | D:7      | HP: 11/51 [bullfrog (4)]
  6268 | D:7      | 6268 ||| READING scroll of teleportation.
  6269 | D:7      | Reached * piety under Okawaru
  6454 | D:7      | Identified the +1 scale mail of Sustre {rElec MP+9 Int+6}
  6462 | D:7      | Reached skill level 1 in Invocations
  6530 | D:7      | 6530 ||| Stepping ~*~*~tactically~*~*~ (stealth).
  6594 | D:7      | 6594 ||| Stepping ~*~*~tactically~*~*~ (stealth).
  6600 | D:7      | 6600 ||| INVOKING Heroism.
  6609 | D:7      | Reached XP level 9. HP: 29/55 MP: 7/10
  6614 | D:7      | 6614 ||| INVOKING Heroism.
  6620 | D:7      | Reached skill level 3 in Invocations
  6806 | D:7      | Found Qeggix's Armour Emporium.
  6812 | D:7      | 6812 ||| SHOPLISTING +0 plate armour (299 gold, have 123).
  6865 | D:7      | 6865 ||| INVOKING Heroism.
  6868 | D:7      | Reached skill level 9 in Axes
  6909 | D:7      | 6909 ||| Stepping ~*~*~tactically~*~*~ (hiding).
  7064 | D:7      | 7064 ||| INVOKING Heroism.
  7124 | D:7      | 7124 ||| DROPPING +0 flail.
  7145 | D:7      | 7145 ||| Stepping ~*~*~tactically~*~*~ (hiding).
  7151 | D:7      | 7151 ||| INVOKING Heroism.
  7321 | D:7      | 7321 ||| UPGRADING to +0 plate armour.
  7331 | D:7      | 7331 ||| DROPPING +0 chain mail.
  7332 | D:7      | 7332 ||| DROPPING +1 scale mail of Sustre {rElec MP+9
                  | Int+6}.
  7333 | D:7      | 7333 ||| UPGRADING to amulet of the acrobat.
  7338 | D:7      | 7338 ||| READING scroll labelled VIRUPRUOSA.
  7339 | D:7      | 7339 ||| DRINKING 2 metallic sapphire potions.
  7340 | D:7      | 7340 ||| READING 3 scrolls of identify.
  7340 | D:7      | 7340 ||| IDENTIFYING fuming yellow potion
  7341 | D:7      | 7341 ||| READING 2 scrolls of identify.
  7341 | D:7      | 7341 ||| IDENTIFYING sedimented white potion
  7342 | D:7      | 7342 ||| DROPPING potion of brilliance.
  7358 | D:8      | Noticed Amaemon
  7359 | D:8      | 7359 ||| INVOKING Heroism.
  7361 | D:8      | Noticed an orange demon
  7380 | D:8      | HP: 18/84 [orange demon[Amaemon] (6)]
  7381 | D:8      | Killed Amaemon
  7381 | D:8      | Reached ** piety under Okawaru
  7382 | D:8      | Reached skill level 6 in Armour
  7386 | D:8      | 7386 ||| INVOKING Heroism.
  7394 | D:8      | HP: 8/56 [orange demon[Amaemon] (6)]
  7401 | D:8      | HP: 2/56 [orange demon[Amaemon] (4)]
  7405 | D:8      | Slain by an orange demon

Levels and vault maps discovered:
D:1:      psy_arrival_statuary, layout_basic
D:2:      layout_basic, shapermc_ecumenical_altar_mp_vishouse
D:3:      layout_loops_ring, amcnicky_altar_gilded, uniq_terence, uniq_ijyb
D:4:      layout_rooms
D:5:      layout_rooms, mainiacjoe_overflow_concentric_impassable, slow_altar_1,
          tso_metal_star, nicolae_overflow_crystal_walls, serial_shops,
          nicolae_shop_waterfront, uniq_menkaure
D:6:      layout_cave_pods, temple_fountains
D:7:      layout_loops_corners, gammafunk_ghost_grave, serial_shops, shop,
          kennysheep_little_box, nicolae_shop_stone
D:8:      layout_loops_ring, fedhas_altar_2, grunt_dithmenos_smoke_and_mirrors,
          uniq_amaemon
Temple:   minmay_temple_curvy_loop

Skill      XL: |  1  2  3  4  5  6  7  8  9 |
---------------+----------------------------+-----
Axes           | 2 3 4 5 6 7 8 9 |  9.0
Fighting       | 4 5 6 |  6.4
Dodging        | 1 |  1.4
Throwing       | 1 |  1.4
Armour         | 4 6 |  6.7
Invocations    | 2 4 |  4.0
Shields        | 4 |  4.0

Action                   |  1- 3 |  4- 6 |  7- 9 || total
-------------------------+-------+-------+-------++-------
Melee: War axe           |   124 |   160 |   224 ||   508
Throw: Boomerang         |       |     2 |    38 ||    40
Invok: Heroism           |       |       |     7 ||     7
  Use: Scroll            |     3 |     9 |     8 ||    20
       Potion            |     2 |     2 |     1 ||     5
Armor: Scale mail        |    79 |    44 |       ||   123
       Chain mail        |       |    62 |   121 ||   183
       Plate armour      |       |       |    22 ||    22
       Skin              |       |       |    20 ||    20
Dodge: Dodged            |    42 |    76 |    96 ||   214
Block: Buckler           |    26 |    37 |    62 ||   125

Table legend:
 A = Non-vault XP
 B = Vault XP
 C = Vault XP percentage of total XP
 D = Non-vault monster count
 E = Vault monster count
 F = Vault count percentage of total count
                 A         B        C        D         E       F
            +---------+---------+-------+---------+---------+-------
      Total |    3118 |    1048 |  25.2 |     132 |       5 |   3.6
            +---------+---------+-------+---------+---------+-------
        D:1 |      38 |       0 |   0.0 |      22 |       0 |   0.0
        D:2 |      36 |       0 |   0.0 |      15 |       0 |   0.0
        D:3 |     160 |      74 |  31.6 |      27 |       2 |   6.9
        D:4 |     224 |       0 |   0.0 |      18 |       0 |   0.0
        D:5 |     525 |     211 |  28.7 |      11 |       2 |  15.4
        D:6 |     558 |       0 |   0.0 |      15 |       0 |   0.0
        D:7 |    1484 |       0 |   0.0 |      23 |       0 |   0.0
        D:8 |      93 |     763 |  89.1 |       1 |       1 |  50.0
            +---------+---------+-------+---------+---------+-------
